[Event "Titled Tuesday Blitz August 22 Early 2023"]
[White "Francisco_Ferrari"]
[Black "Womacka, Mathias"]
[BlackFideId "4611390"]
[WhiteElo "2195"]
[BlackElo "2454"]
[Result "1/2-1/2"]
[Round "4"]
[TimeControl "180+1"]
[Date "2023.08.22"]
[WhiteClock "0:01:14"]
[BlackClock "0:01:11"]
[Board "207"]

1. d4 Nf6 2. Nf3 e6 3. g3 c5 4. c4 cxd4 5. Nxd4 Qc7 6. Nc3 a6 7. e4 Nc6 8. Be3 Bb4 9. Nxc6 Qxc6 10. Bg2 Bxc3+ 11. bxc3 Qxc4 12. Qc2 d5 13. e5 Nd7 14. Bd4 O-O 15. Bf1 Qc7 16. Bd3 Nxe5 17. Bxh7+ Kh8 18. Qe2 Kxh7 19. Bxe5 Qc6 20. Qh5+ Kg8 21. Bxg7 1/2-1/2


[Site "https://www.chess.com"]

[Event "Titled Tuesday Blitz August 22 Early 2023"]
[White "Maus7"]
[Black "Flis, Pawel"]
[BlackFideId "1112864"]
[WhiteElo "2453"]
[BlackElo "2140"]
[Result "1-0"]
[Round "4"]
[TimeControl "180+1"]
[Date "2023.08.22"]
[WhiteClock "0:00:52"]
[BlackClock "0:01:54"]
[Board "208"]

1. Nf3 Nf6 2. e3 g6 3. b3 Bg7 4. Bb2 O-O 5. g3 d6 6. Bg2 e5 7. c4 Nc6 8. O-O Re8 9. Nc3 d5 10. cxd5 Nxd5 11. Nxd5 Qxd5 12. Nxe5 Qe6 13. Nc4 Bxb2 14. Nxb2 Ne5 15. d4 Ng4 16. Rc1 c6 17. d5 cxd5 18. Qxd5 Qf6 19. Nc4 Rd8 20. Qa5 b6 21. Nxb6 axb6 22. Qxa8 b5 23. Rxc8 Rxc8 24. Qxc8+ Kg7 25. Qxg4 h5 26. Qd4 1-0


[Site "https://www.chess.com"]

[Event "Titled Tuesday Blitz August 22 Early 2023"]
[White "Sai Han Thiha"]
[Black "Cagara, Paulina"]
[WhiteFideId "13012290"]
[BlackFideId "1124870"]
[WhiteElo "2445"]
[BlackElo "2140"]
[Result "1-0"]
[Round "4"]
[TimeControl "180+1"]
[Date "2023.08.22"]
[WhiteClock "0:00:30"]
[BlackClock "0:00:33"]
[Board "209"]

1. Nf3 f5 2. d3 Nf6 3. e4 fxe4 4. dxe4 d6 5. e5 Ng4 6. Bc4 Nc6 7. e6 Nf6 8. Nc3 g6 9. Ng5 Ne5 10. Nf7 Nxf7 11. exf7+ Kd7 12. Qe2 e5 13. f4 Qe7 14. fxe5 Qxe5 15. Be3 Kd8 16. O-O-O Bg4 17. Qf2 Bxd1 18. Bd4 Qg5+ 19. Kxd1 Bg7 20. h4 Qf5 21. Rf1 Ke7 22. Bxf6+ Bxf6 23. Nd5+ Kxf7 24. Nxf6+ Kxf6 25. Qd4+ Ke7 26. Rxf5 gxf5 27. Qg7+ 1-0


[Site "https://www.chess.com"]

[Event "Titled Tuesday Blitz August 22 Early 2023"]
[White "Rosh Jain"]
[Black "Feliz Dotel, Dewar Bienvenido"]
[WhiteFideId "25789465"]
[BlackFideId "6402801"]
[WhiteElo "2444"]
[BlackElo "2133"]
[Result "1-0"]
[Round "4"]
[TimeControl "180+1"]
[Date "2023.08.22"]
[WhiteClock "0:00:02"]
[BlackClock "0:00:00"]
[Board "210"]

1. e4 e5 2. Nf3 Nc6 3. Bb5 Nf6 4. d3 Ne7 5. O-O c6 6. Ba4 Ng6 7. c3 Be7 8. Re1 d6 9. d4 b5 10. Bb3 O-O 11. Nbd2 a5 12. a4 b4 13. Nf1 bxc3 14. bxc3 Rb8 15. Ng3 Bg4 16. Bc2 Qc7 17. h3 Bd7 18. Ba3 Rfe8 19. Qd2 d5 20. Bxe7 Rxe7 21. Nf5 Bxf5 22. exf5 e4 23. fxg6 exf3 24. gxh7+ Nxh7 25. Bxh7+ Kxh7 26. Qd3+ Kg8 27. Qxf3 Rbe8 28. Kf1 Qb6 29. Qd3 Rxe1+ 30. Rxe1 Rxe1+ 31. Kxe1 Qb3 32. Kd2 Qxa4 33. Qf5 Qa2+ 34. Ke3 Qb2 35. Qc8+ Kh7 36. Qf5+ Kg8 37. Qc8+ Kh7 38. Qxc6 Qc1+ 39. Kf3 Qd1+ 40. Kg3 Qd3+ 41. Kh2 Qc4 42. Qd7 a4 43. Qxf7 a3 44. Qf5+ Kg8 45. Qe6+ Kh7 46. Qf5+ Kg8 47. Qe6+ Kh7 48. Qe8 Qc7+ 49. g3 Qxc3 50. Qh5+ Kg8 51. Qxd5+ Kh7 52. Qf5+ Kg8 53. d5 Qb2 54. Qe6+ Kh7 55. d6 a2 56. Qf5+ g6 57. Qf7+ Kh6 58. d7 a1=Q 59. d8=Q 1-0


[Site "https://www.chess.com"]

[Event "Titled Tuesday Blitz August 22 Early 2023"]
[White "Floresvillar Gonzalez, Luis Migu"]
[Black "Arencibia Monduy, Antonio"]
[WhiteFideId "5100542"]
[BlackFideId "3507939"]
[WhiteElo "2132"]
[BlackElo "2442"]
[Result "0-1"]
[Round "4"]
[TimeControl "180+1"]
[Date "2023.08.22"]
[WhiteClock "0:00:00"]
[BlackClock "0:00:03"]
[Board "211"]

1. d4 c5 2. c3 Nf6 3. Nf3 e6 4. Bg5 cxd4 5. cxd4 Be7 6. Nc3 O-O 7. e3 d5 8. Bd3 Nc6 9. O-O b6 10. a3 Bb7 11. Rc1 Rb8 12. Bb1 h6 13. Bxf6 Bxf6 14. Qd3 g6 15. Qe2 Rc8 16. Bd3 Na5 17. Ne5 Bxe5 18. dxe5 d4 19. Ne4 Bxe4 20. Bxe4 dxe3 21. Qxe3 Kg7 22. Rxc8 Qxc8 23. h4 Qb8 24. Qg3 Nc4 25. f4 Nd2 26. Re1 Nxe4 27. Rxe4 h5 28. Qg5 Qc7 29. Rd4 Qc1+ 30. Kh2 Qxb2 31. Qf6+ Kg8 32. Rd6 Qb3 33. a4 Qc4 34. Rd7 Qxa4 35. Re7 Qc6 36. Rxa7 b5 37. Ra3 b4 38. Rg3 Kh7 39. Rg5 Qd7 40. f5 exf5 41. e6 Qd6+ 42. g3 Qxe6 43. Rxg6 Qxf6 44. Rxf6 Rb8 45. Rxf5 Kg6 46. Rf1 b3 0-1


[Site "https://www.chess.com"]

[Event "Titled Tuesday Blitz August 22 Early 2023"]
[White "MateoReyes"]
[Black "Hartikainen, Jarmo"]
[BlackFideId "503134"]
[WhiteElo "2436"]
[BlackElo "2110"]
[Result "1-0"]
[Round "4"]
[TimeControl "180+1"]
[Date "2023.08.22"]
[WhiteClock "0:01:20"]
[BlackClock "0:00:02"]
[Board "212"]

1. Nf3 Nf6 2. d4 d5 3. c4 c5 4. Nc3 Nc6 5. cxd5 Nxd5 6. e4 Nxc3 7. bxc3 Bg4 8. d5 Nb8 9. Ne5 Bxd1 10. Bb5+ Nd7 11. Bxd7+ Qxd7 12. Nxd7 Kxd7 13. Kxd1 b5 14. Be3 e6 15. a4 b4 16. a5 exd5 17. exd5 Bd6 18. c4 Rhe8 19. Kc2 Re4 20. Kb3 Rae8 21. Rad1 f5 22. g3 f4 23. gxf4 Bxf4 24. Rhg1 g6 25. Bxc5 Bd6 26. Be3 a6 27. Rd4 Rxd4 28. Bxd4 Re2 29. c5 Rd2 30. Kc4 Rc2+ 31. Kb3 Rd2 32. Kc4 b3 33. Be3 Rc2+ 34. Kxb3 Ra2 35. Kxa2 1-0


[Site "https://www.chess.com"]

[Event "Titled Tuesday Blitz August 22 Early 2023"]
[White "Mrudul Dehankar"]
[Black "Kriti Mayur Patel"]
[WhiteFideId "25096990"]
[BlackFideId "35061780"]
[WhiteElo "2435"]
[BlackElo "2083"]
[Result "0-1"]
[Round "4"]
[TimeControl "180+1"]
[Date "2023.08.22"]
[WhiteClock "0:00:00"]
[BlackClock "0:00:22"]
[Board "213"]

1. e4 e5 2. Nf3 Nc6 3. Bb5 a6 4. Ba4 Nf6 5. O-O b5 6. Bb3 Bc5 7. c3 d6 8. d4 Bb6 9. a4 Rb8 10. a5 Ba7 11. h3 h6 12. Be3 Ra8 13. Nbd2 O-O 14. Re1 Bb7 15. Nf1 Re8 16. d5 Ne7 17. Ng3 Bxe3 18. Rxe3 Ng6 19. c4 c5 20. dxc6 Bxc6 21. Rd3 Nxe4 22. Nxe4 Bxe4 23. Rxd6 Qc7 24. cxb5 axb5 25. Rd7 Qc6 26. Bxf7+ Kh7 27. Rd6 Qb7 28. Bxe8 Rxe8 29. a6 Qa8 30. Nd2 Bxg2 31. Qg4 Nf4 32. Rd7 Rg8 33. Qg3 Ne2+ 34. Kh2 Nxg3 35. fxg3 Bc6 36. Rd6 e4 37. Nb3 e3 38. Nd4 Bf3 39. a7 e2 40. Re6 Rf8 41. Re3 Bh5 0-1


[Site "https://www.chess.com"]

[Event "Titled Tuesday Blitz August 22 Early 2023"]
[White "Chen, Minda"]
[Black "Nilsen, Tobias Lang"]
[WhiteFideId "30937000"]
[BlackFideId "1521624"]
[WhiteElo "2067"]
[BlackElo "2433"]
[Result "0-1"]
[Round "4"]
[TimeControl "180+1"]
[Date "2023.08.22"]
[WhiteClock "0:00:08"]
[BlackClock "0:00:10"]
[Board "214"]

1. d4 d5 2. c4 c6 3. Nc3 Nf6 4. Nf3 dxc4 5. a4 Bf5 6. Ne5 Nbd7 7. Nxc4 Qc7 8. g3 e5 9. dxe5 Nxe5 10. Bf4 Nfd7 11. Bg2 g5 12. Ne3 gxf4 13. Nxf5 O-O-O 14. Qc2 fxg3 15. hxg3 a5 16. O-O h5 17. Rfd1 Ng4 18. Rac1 h4 19. Nxh4 Rxh4 20. gxh4 Bc5 21. Ne4 Bxf2+ 22. Nxf2 Qh2+ 23. Kf1 Ne3+ 24. Ke1 Nxg2+ 25. Kd2 Qf4+ 26. Kc3 Qb4+ 27. Kd3 Nc5# 0-1


[Site "https://www.chess.com"]

[Event "Titled Tuesday Blitz August 22 Early 2023"]
[White "abelmat"]
[Black "Farmani Anosheh, Armin"]
[BlackFideId "24613240"]
[WhiteElo "1915"]
[BlackElo "2429"]
[Result "0-1"]
[Round "4"]
[TimeControl "180+1"]
[Date "2023.08.22"]
[WhiteClock "0:00:00"]
[BlackClock "0:00:08"]
[Board "215"]

1. d4 d5 2. c4 e6 3. Nf3 Nf6 4. Nc3 c6 5. e3 Nbd7 6. Bd3 dxc4 7. Bxc4 b5 8. Bd3 Bb7 9. e4 b4 10. e5 bxc3 11. exf6 cxb2 12. fxg7 Bxg7 13. Bxb2 c5 14. O-O Rb8 15. Ba3 Qa5 16. Bxc5 Nxc5 17. dxc5 Bxa1 18. Qxa1 Ke7 19. Qd4 Bxf3 20. Qd6+ Kf6 21. Qf4+ Kg7 22. Qg3+ Bg4 23. Qxg4+ Kf8 24. Qd4 Rg8 25. Qd6+ Kg7 26. Qg3+ Kh8 27. Qe5+ f6 28. Qxf6+ Rg7 29. Rc1 Qd2 30. Qc3 Qxc3 31. Rxc3 Rc7 32. Be4 Rd8 33. g3 Rd4 34. Bf3 e5 35. Bg4 Kg7 36. Bf3 e4 37. Bh5 Rd5 0-1


[Site "https://www.chess.com"]

[Event "Titled Tuesday Blitz August 22 Early 2023"]
[White "cthake"]
[Black "Vivas Zamora, Fabian Ernesto"]
[BlackFideId "3902480"]
[WhiteElo "1829"]
[BlackElo "2427"]
[Result "1-0"]
[Round "4"]
[TimeControl "180+1"]
[Date "2023.08.22"]
[WhiteClock "0:00:43"]
[BlackClock "0:00:00"]
[Board "216"]

1. e4 c5 2. Nc3 g6 3. f4 Bg7 4. Nf3 Nc6 5. Bc4 e6 6. O-O Nge7 7. Qe1 O-O 8. d3 d5 9. Bb3 b5 10. a4 b4 11. Ne2 Ba6 12. Be3 c4 13. dxc4 dxc4 14. Rd1 Qa5 15. Ba2 Qxa4 16. Bb1 Bxb2 17. Qh4 Bg7 18. f5 exf5 19. Bh6 f6 20. Bxg7 Kxg7 21. e5 c3 22. exf6+ Rxf6 23. Rfe1 Bxe2 24. Rxe2 Qb5 25. Rde1 Qc5+ 26. Kh1 h6 27. Ba2 a5 28. Qf4 a4 29. Qc7 Re8 30. Ne5 b3 31. cxb3 axb3 32. Bxb3 Qd4 33. Nxc6 1-0


[Site "https://www.chess.com"]

[Event "Titled Tuesday Blitz August 22 Early 2023"]
[White "elcala"]
[Black "Baghdasaryan, Vahe"]
[BlackFideId "13303139"]
[WhiteElo "1701"]
[BlackElo "2424"]
[Result "0-1"]
[Round "4"]
[TimeControl "180+1"]
[Date "2023.08.22"]
[WhiteClock "0:00:00"]
[BlackClock "0:00:10"]
[Board "217"]

1. d4 d5 2. Nf3 Nf6 3. Bf4 Bf5 4. e3 e6 5. Bd3 Bxd3 6. Qxd3 Nbd7 7. Nbd2 Be7 8. O-O O-O 9. h3 c5 10. c3 c4 11. Qe2 b5 12. e4 dxe4 13. Nxe4 Nxe4 14. Qxe4 Nf6 15. Qe2 Qd5 16. Qe5 a5 17. Qxd5 Nxd5 18. Bg5 Bd6 19. a3 b4 20. axb4 axb4 21. Bd2 bxc3 22. bxc3 f6 23. Rfb1 Bf4 24. Bxf4 Nxf4 25. Rxa8 Rxa8 26. Rb4 Ne2+ 27. Kh2 Nxc3 28. Rxc4 Nd5 29. Rc6 Kf7 30. Ne1 Ra2 31. Nd3 Rd2 32. Nc5 Rxf2 33. Rxe6 Nf4 34. Rd6 Rxg2+ 35. Kh1 Rd2 36. Rd7+ Kg6 37. Ne4 Rd1+ 38. Kh2 Ne2 39. d5 Nf4 40. d6 Rd3 41. Nc5 Rxh3+ 42. Kg1 Rc3 43. Rd8 Rxc5 44. d7 Ne6 45. Re8 Rc1+ 0-1


[Site "https://www.chess.com"]

[Event "Titled Tuesday Blitz August 22 Early 2023"]
[White "Skiadopoulos, Nikolaos"]
[Black "Moral Garcia, Serafin"]
[WhiteFideId "4200772"]
[BlackFideId "2201925"]
[WhiteElo "1814"]
[BlackElo "2531"]
[Result "0-1"]
[Round "4"]
[TimeControl "180+1"]
[Date "2023.08.22"]
[WhiteClock "0:00:07"]
[BlackClock "0:01:35"]
[Board "218"]

1. e4 c5 2. b4 cxb4 3. a3 bxa3 4. Nxa3 d5 5. exd5 Qxd5 6. Bb2 Nc6 7. Nf3 Nf6 8. Bc4 Qe4+ 9. Qe2 Qxe2+ 10. Kxe2 Rb8 11. Nb5 a6 12. Nbd4 Bd7 13. Nxc6 Bxc6 14. Ne5 Bd5 15. Bxd5 Nxd5 16. c4 Nf4+ 17. Kf3 Ng6 18. Nxg6 hxg6 19. Be5 Rd8 20. Rhb1 Rd7 21. Rb6 f6 22. Bc3 Kd8 23. h3 e5 24. Rab1 Kc8 25. Re6 Bc5 26. Bb4 Bxb4 27. Rxb4 Rhd8 28. Reb6 Rd3+ 29. Kg4 R8d4+ 0-1


[Site "https://www.chess.com"]

[Event "Titled Tuesday Blitz August 22 Early 2023"]
[White "Berezin, Viktor"]
[Black "Li, Hui"]
[WhiteFideId "14107872"]
[BlackFideId "15400310"]
[WhiteElo "2488"]
[BlackElo "2304"]
[Result "0-1"]
[Round "4"]
[TimeControl "180+1"]
[Date "2023.08.22"]
[WhiteClock "0:00:00"]
[BlackClock "0:00:06"]
[Board "219"]

1. d4 d5 2. c4 e6 3. Nf3 Nf6 4. g3 Be7 5. Bg2 O-O 6. O-O dxc4 7. Qc2 a6 8. a4 Bd7 9. Qxc4 Bc6 10. Bg5 Bd5 11. Qc2 Be4 12. Qd1 h6 13. Bf4 a5 14. Nc3 Bxf3 15. Bxf3 c6 16. e3 Na6 17. Kg2 Nb4 18. h4 Bd6 19. h5 Bxf4 20. gxf4 Nfd5 21. Rh1 Qe7 22. Be4 Rfd8 23. Qf3 Nf6 24. Rag1 Kh8 25. Rh3 Rg8 26. Bb1 Rad8 27. Rg3 c5 28. dxc5 Qxc5 29. Rh3 Nbd5 30. Ne2 Nb4 31. Nd4 Qd5 32. Kh2 Qxf3 33. Nxf3 Nd3 34. Bxd3 Rxd3 35. Ne5 Rd2 36. Nxf7+ Kh7 37. Rg2 Rxb2 38. Ne5 Ne4 39. Nd3 Rd2 40. Ne5 Rxf2 0-1


[Site "https://www.chess.com"]

[Event "Titled Tuesday Blitz August 22 Early 2023"]
[White "Bazilius, Augustinas"]
[Black "Prydun, Andriy"]
[WhiteFideId "12832251"]
[BlackFideId "14145898"]
[WhiteElo "2486"]
[BlackElo "2310"]
[Result "1/2-1/2"]
[Round "4"]
[TimeControl "180+1"]
[Date "2023.08.22"]
[WhiteClock "0:00:03"]
[BlackClock "0:00:13"]
[Board "220"]

1. d4 d5 2. c4 Nc6 3. e3 e5 4. dxe5 Bb4+ 5. Bd2 Bxd2+ 6. Qxd2 dxc4 7. Qxd8+ Kxd8 8. Bxc4 Nxe5 9. Be2 Nf6 10. Nc3 c6 11. Nf3 Nxf3+ 12. Bxf3 Ke7 13. O-O-O Be6 14. Rd2 Rhd8 15. Rhd1 Rxd2 16. Rxd2 Rd8 17. b3 Rxd2 18. Kxd2 Kd6 19. Ne4+ Nxe4+ 20. Bxe4 h6 21. Kd3 Kc5 22. Kc3 a5 23. a3 b5 24. b4+ axb4+ 25. axb4+ Kd6 26. Kd4 Bc4 27. f4 Bb3 28. Bf3 f5 29. h3 Be6 30. e4 fxe4 31. Bxe4 Bf7 32. g4 Be6 33. Bf3 Bf7 34. f5 Bc4 35. h4 Bf7 36. g5 hxg5 37. hxg5 Ba2 38. Be4 Bb3 39. f6 gxf6 40. gxf6 Ba2 41. Bf3 Bc4 42. Be4 Bb3 43. Bg6 Ke6 44. f7 Ke7 45. Kc5 Bd5 46. Bh5 Be4 47. Kd4 Bd5 48. Bg6 Bf3 49. Kc5 Bd5 50. Kb6 Bf3 51. Kc5 Bd5 1/2-1/2


[Site "https://www.chess.com"]

[Event "Titled Tuesday Blitz August 22 Early 2023"]
[White "Janaszak, Dawid"]
[Black "Shapiro, Daniel"]
[WhiteFideId "1119206"]
[BlackFideId "2001780"]
[WhiteElo "2477"]
[BlackElo "2300"]
[Result "1-0"]
[Round "4"]
[TimeControl "180+1"]
[Date "2023.08.22"]
[WhiteClock "0:00:22"]
[BlackClock "0:00:00"]
[Board "221"]

1. d4 Nf6 2. Nc3 d5 3. Bf4 a6 4. e3 e6 5. a3 Bd6 6. Nf3 c5 7. Ne5 Nc6 8. Nxc6 bxc6 9. dxc5 Bxc5 10. Bd3 O-O 11. O-O Bd6 12. Bg5 h6 13. Bh4 e5 14. e4 Be6 15. Qf3 Be7 16. Rfe1 d4 17. Na4 Nd7 18. Bxe7 Qxe7 19. c3 Bb3 20. cxd4 Bxa4 21. d5 Bb5 22. Bxb5 cxb5 23. Rec1 Rac8 24. g3 Nb6 25. Qe2 Rc5 26. Rd1 Qd6 27. b3 Rfc8 28. Rd2 Rc3 29. Rb2 f5 30. exf5 Qxd5 31. f6 e4 32. Rd1 Rd3 33. Re1 Re8 34. Qg4 Qg5 35. Rxe4 Qxg4 36. Rxg4 g5 37. h4 Re5 38. Rc2 Nd5 39. Rc6 Kf7 40. Rxa6 Rxb3 41. hxg5 hxg5 42. Rd4 Nxf6 43. Rdd6 Rf5 44. Ra7+ Kg6 45. Rd2 Rff3 46. Kg2 g4 47. Ra6 Kf5 48. Rc6 Rfc3 49. Rcd6 Rc5 50. R2d4 Rbc3 51. Rf4+ Ke5 52. Rdxf6 Rxa3 53. R4f5+ Kd4 54. Rd6+ 1-0


[Site "https://www.chess.com"]

[Event "Titled Tuesday Blitz August 22 Early 2023"]
[White "Mmukka"]
[Black "Kaganskiy, Gleb"]
[BlackFideId "4132025"]
[WhiteElo "2466"]
[BlackElo "2301"]
[Result "0-1"]
[Round "4"]
[TimeControl "180+1"]
[Date "2023.08.22"]
[WhiteClock "0:00:00"]
[BlackClock "0:00:10"]
[Board "222"]

1. e4 c6 2. d4 d5 3. exd5 cxd5 4. Bd3 Nc6 5. c3 Nf6 6. h3 e5 7. dxe5 Nxe5 8. Nf3 Bd6 9. O-O O-O 10. Bg5 h6 11. Bh4 g5 12. Bg3 Nxd3 13. Qxd3 Bxg3 14. fxg3 Qb6+ 15. Nd4 Qxb2 16. Rxf6 Qxa1 17. Rf2 Re8 18. Qd1 Bd7 19. Qf1 Ba4 20. Nf5 Re6 21. Kh2 Rae8 22. Qd3 a6 23. Nd4 Re1 24. Qf5 R8e7 25. Qc8+ Be8 26. Nf5 Qxb1 27. Nxe7+ Rxe7 28. g4 Qe4 29. g3 Kg7 30. Qc5 Qe5 31. Kg2 d4 32. cxd4 Bc6+ 33. Kh2 Qe4 34. d5 Bxd5 35. Qc3+ Re5 36. Qc1 Re6 37. Qf1 f6 0-1


[Site "https://www.chess.com"]

[Event "Titled Tuesday Blitz August 22 Early 2023"]
[White "Schut, Han"]
[Black "DeyanKostov"]
[WhiteFideId "1005561"]
[WhiteElo "2251"]
[BlackElo "2463"]
[Result "0-1"]
[Round "4"]
[TimeControl "180+1"]
[Date "2023.08.22"]
[WhiteClock "0:00:01"]
[BlackClock "0:00:11"]
[Board "223"]

1. e4 c5 2. Nf3 d6 3. d4 Nf6 4. dxc5 Nxe4 5. cxd6 Nc6 6. Bd3 Nxd6 7. O-O g6 8. Nc3 Bg7 9. Ne4 O-O 10. Nxd6 Qxd6 11. Qe2 Bg4 12. Rd1 Nd4 13. Qe3 Bxf3 14. gxf3 Rad8 15. Bd2 e5 16. Bc3 Qf6 17. Be4 Ne6 18. Bxb7 Nf4 19. Kh1 Rxd1+ 20. Rxd1 Rd8 21. Rxd8+ Qxd8 22. Qe1 h5 23. Be4 h4 24. Bd2 Bh6 25. Bxf4 Bxf4 26. c3 h3 27. Qg1 Qd2 28. Bxg6 fxg6 29. Qxg6+ Kf8 30. Qf6+ Ke8 31. Qe6+ Kd8 32. Qg8+ Kd7 33. Qf7+ Kd6 34. Qf8+ Kd5 35. Qa8+ Ke6 36. Qe8+ Kd5 37. Qd7+ Kc4 38. Qc6+ Kd3 39. Qb5+ Kc2 40. Qf1 Qc1 41. Qxc1+ Bxc1 42. b4 Kxc3 0-1


[Site "https://www.chess.com"]

[Event "Titled Tuesday Blitz August 22 Early 2023"]
[White "Carroll, Thomas"]
[Black "Kuchava, Ana"]
[WhiteFideId "450111"]
[BlackFideId "13605348"]
[WhiteElo "2446"]
[BlackElo "2169"]
[Result "1/2-1/2"]
[Round "4"]
[TimeControl "180+1"]
[Date "2023.08.22"]
[WhiteClock "0:00:29"]
[BlackClock "0:00:13"]
[Board "224"]

1. c4 e6 2. Nf3 d5 3. g3 d4 4. Bg2 c5 5. e3 Nc6 6. exd4 cxd4 7. d3 Nf6 8. O-O Bd6 9. Na3 O-O 10. Nc2 e5 11. Rb1 a5 12. a3 a4 13. Re1 h6 14. Bd2 Re8 15. Nb4 Bf5 16. Nh4 Bd7 17. Nd5 Nxd5 18. Bxd5 Be6 19. Be4 Qd7 20. Qh5 Bg4 21. Bf5 Bxh5 22. Bxd7 Red8 23. Bh3 f6 24. Nf5 Bg6 25. Nxd6 Rxd6 26. Bf1 Rb8 27. b3 axb3 28. Rxb3 Bf7 29. Bg2 Nd8 30. Reb1 Rd7 31. Rb6 Rc7 32. a4 Kf8 33. a5 Ra8 34. Bxb7 Nxb7 35. Rxb7 Rxb7 36. Rxb7 Bg6 37. Rb3 Ke7 38. Ra3 Ra6 39. Kf1 Kd7 40. Ke2 Kc6 41. Bb4 Bh5+ 42. f3 Be8 43. Bd2 f5 44. Rb3 Bg6 45. Rb8 e4 46. fxe4 fxe4 47. dxe4 Bxe4 48. Rg8 Ra7 49. Bb4 Bg2 50. Kd3 Bf1+ 51. Kxd4 Rd7+ 52. Ke5 Bxc4 53. Rb8 Rd5+ 54. Kf4 Rb5 55. Rxb5 Kxb5 56. Bc3 g6 57. Ke5 h5 58. Kf6 Bd3 59. Ke7 Bc2 60. Kd8 Ka6 61. Kc7 Bb1 62. Kd6 Bc2 63. Ke5 Bb1 64. Kf6 Bc2 65. Kg5 Bb1 66. Kf4 Bc2 67. Ke3 Bb1 68. Kf4 Bc2 69. h3 Bb1 70. Kf3 Bc2 71. Kg2 Bd3 72. Kf2 Be4 73. Ke1 Bb1 74. Kd2 Bf5 75. Bb4 Bxh3 76. Ke3 Bf5 77. Kf4 Bc2 78. Kg5 Bb1 79. Bc3 Bc2 80. Bd2 Bb1 81. Be1 Bc2 82. g4 hxg4 83. Kxg4 Bf5+ 84. Kg5 Bb1 1/2-1/2


[Site "https://www.chess.com"]

[Event "Titled Tuesday Blitz August 22 Early 2023"]
[White "campochess"]
[Black "SergioMoralesG"]
[WhiteElo "2158"]
[BlackElo "2430"]
[Result "1-0"]
[Round "4"]
[TimeControl "180+1"]
[Date "2023.08.22"]
[WhiteClock "0:00:58"]
[BlackClock "0:00:00"]
[Board "225"]

1. Nc3 d5 2. d4 Nf6 3. Bf4 c5 4. e3 cxd4 5. exd4 a6 6. Nf3 Bg4 7. Be2 Nc6 8. h3 Bh5 9. O-O e6 10. Re1 Bd6 11. Bg5 h6 12. Bh4 O-O 13. Ne5 Bxe2 14. Nxc6 Bxd1 15. Nxd8 Bxc2 16. Nxb7 Bb4 17. Bxf6 gxf6 18. a3 Bxc3 19. bxc3 Bd3 20. Re3 Bc4 21. Nc5 Rfb8 22. Rae1 Rb2 23. Nd7 f5 24. Rg3+ Kh8 25. Ne5 Ra7 26. f4 Rab7 27. Rge3 Ra2 28. Nxc4 dxc4 29. d5 Rbb2 30. Rg3 Re2 31. Rb1 Rab2 32. Rxb2 Rxb2 33. dxe6 fxe6 34. Rg6 Ra2 35. Rxh6+ Kg7 36. Rxe6 Rxa3 37. Kf2 a5 38. Rc6 Rxc3 39. Rc5 a4 40. Rxf5 a3 41. Ra5 Rd3 42. Ke2 Kg6 43. h4 Rg3 44. Kf2 Rb3 45. g4 c3 46. Ke3 c2+ 47. Kd2 Rc3 48. Kc1 1-0


[Site "https://www.chess.com"]

[Event "Titled Tuesday Blitz August 22 Early 2023"]
[White "Harriott, Tyrell"]
[Black "Baruch, Liam"]
[WhiteFideId "2086484"]
[BlackFideId "14322064"]
[WhiteElo "2424"]
[BlackElo "2145"]
[Result "0-1"]
[Round "4"]
[TimeControl "180+1"]
[Date "2023.08.22"]
[WhiteClock "0:00:00"]
[BlackClock "0:00:24"]
[Board "226"]

1. d4 d5 2. e3 Nf6 3. Bd3 c5 4. c3 Nc6 5. f4 Bg4 6. Ne2 e6 7. Nd2 Bd6 8. O-O Bh5 9. Nf3 Ne4 10. Bxe4 dxe4 11. Ng5 Bg6 12. Ng3 cxd4 13. exd4 O-O 14. N5xe4 Be7 15. f5 exf5 16. Nxf5 Qd5 17. Neg3 Bf6 18. Nh6+ Kh8 19. Ng4 Bh4 20. Ne3 Qd7 21. Ngf5 Bg5 22. Qg4 Bf6 23. h4 h5 24. Qf3 Rfe8 25. Nd5 Bd8 26. Bg5 Bxg5 27. hxg5 Rad8 28. Nde3 Re6 29. d5 Ne5 30. Qh3 Ree8 31. c4 Nd3 32. Rab1 Nc5 33. g4 Kg8 34. gxh5 Rxe3 35. Qxe3 Bxf5 36. Qxc5 Bxb1 37. Qf2 Bh7 38. Qf3 Re8 39. Rf2 Re1+ 40. Kg2 Be4 0-1


[Site "https://www.chess.com"]

[Event "Titled Tuesday Blitz August 22 Early 2023"]
[White "Topalov, Aleksandar"]
[Black "Semenova, Alina"]
[WhiteFideId "925659"]
[BlackFideId "24113875"]
[WhiteElo "2353"]
[BlackElo "2057"]
[Result "0-1"]
[Round "4"]
[TimeControl "180+1"]
[Date "2023.08.22"]
[WhiteClock "0:00:00"]
[BlackClock "0:01:37"]
[Board "227"]

1. b3 d5 2. Bb2 Nf6 3. Nf3 e6 4. e3 Be7 5. d4 O-O 6. Nbd2 Nbd7 7. Bd3 c5 8. O-O b6 9. Ne5 Bb7 10. f4 Ne4 11. dxc5 Ndxc5 12. Nxe4 Nxe4 13. Bxe4 dxe4 14. Qe2 Qc7 15. c4 Rfd8 16. Rfd1 Rxd1+ 17. Rxd1 Rd8 18. Kf2 Rxd1 19. Qxd1 Qd6 20. Qxd6 Bxd6 21. h4 f6 22. Ng4 Kf7 23. Ke2 Ke7 24. Bc3 h5 25. Nf2 Kd7 26. Kd2 a6 27. Bd4 Bc5 28. Bxc5 bxc5 29. Kc3 a5 30. a3 Kd6 31. b4 axb4+ 32. axb4 cxb4+ 33. Kxb4 e5 34. g3 exf4 35. gxf4 Bc8 36. c5+ Kd5 37. Nd1 Kc6 38. Nc3 Bf5 39. Nb5 Bh7 40. Nd4+ Kb7 41. Kc4 g5 42. fxg5 fxg5 43. hxg5 h4 44. Ne2 h3 45. Kd5 Kc7 0-1


[Site "https://www.chess.com"]

[Event "Titled Tuesday Blitz August 22 Early 2023"]
[White "Levine, David"]
[Black "Petrova, Irina"]
[WhiteFideId "2011611"]
[BlackFideId "14124122"]
[WhiteElo "2020"]
[BlackElo "2353"]
[Result "0-1"]
[Round "4"]
[TimeControl "180+1"]
[Date "2023.08.22"]
[WhiteClock "0:00:22"]
[BlackClock "0:01:05"]
[Board "228"]

1. d4 d6 2. Nf3 g6 3. g3 Bg7 4. Bg2 Nf6 5. O-O O-O 6. c4 Nc6 7. Nc3 Bf5 8. Ne1 e5 9. d5 Ne7 10. e4 Bd7 11. Nd3 Nh5 12. Bf3 Nf6 13. Bg2 Ne8 14. f4 f5 15. fxe5 dxe5 16. c5 b6 17. c6 Bc8 18. b4 Nd6 19. Bg5 h6 20. Bxe7 Qxe7 21. a4 a5 22. b5 Nxe4 23. Nxe4 fxe4 24. Bxe4 Bf5 25. Qe2 Rf7 26. g4 Bxe4 27. Qxe4 Raf8 28. Rae1 Qh4 29. Kg2 Qe7 30. Rxf7 Rxf7 31. Nxe5 Bxe5 32. Qxe5 Qh4 33. Qe8+ Kg7 34. Qe5+ Kh7 35. Qg3 Qf6 36. d6 cxd6 37. Qe3 d5 38. Re2 d4 39. Qe5 Qf1+ 40. Kg3 Qf3+ 41. Kh4 g5+ 42. Kh5 Qh3# 0-1


[Site "https://www.chess.com"]

[Event "Titled Tuesday Blitz August 22 Early 2023"]
[White "Gyulamiryan-koryun"]
[Black "Lopez Del Alamo, Antonio"]
[BlackFideId "2227339"]
[WhiteElo "2038"]
[BlackElo "2335"]
[Result "0-1"]
[Round "4"]
[TimeControl "180+1"]
[Date "2023.08.22"]
[WhiteClock "0:00:00"]
[BlackClock "0:00:32"]
[Board "229"]

1. c4 Nf6 2. Nc3 g6 3. d4 d6 4. e4 Bg7 5. h3 O-O 6. Be3 e5 7. d5 c6 8. Nf3 cxd5 9. cxd5 a6 10. Be2 b5 11. a3 Nbd7 12. O-O Nb6 13. b3 Bd7 14. Rc1 Qb8 15. Bd3 Qb7 16. Qd2 Rfc8 17. Rc2 Ne8 18. Rfc1 Nc7 19. Na2 a5 20. Nc3 f5 21. Ne1 f4 22. Bxb6 Qxb6 23. Kh1 Na6 24. Qe2 Rcb8 25. a4 Nb4 26. Rb2 bxa4 27. bxa4 Bf6 28. Bb5 Bc8 29. Nd3 Nxd3 30. Qxd3 Qd4 31. Qxd4 exd4 32. Nd1 d3 33. Rd2 Ba6 34. Rb1 Bxb5 35. axb5 a4 36. Rxd3 a3 37. Nc3 a2 38. Ra1 Ra3 39. Rxa2 Rxc3 40. Rxc3 Bxc3 41. Rc2 Bd4 42. Rc4 Bc5 0-1


[Site "https://www.chess.com"]

[Event "Titled Tuesday Blitz August 22 Early 2023"]
[White "Hercegovac, Neven"]
[Black "Piesik, Piotr"]
[WhiteFideId "2839135"]
[BlackFideId "1136194"]
[WhiteElo "2294"]
[BlackElo "2643"]
[Result "0-1"]
[Round "4"]
[TimeControl "180+1"]
[Date "2023.08.22"]
[WhiteClock "0:01:48"]
[BlackClock "0:02:40"]
[Board "231"]

1. d4 c5 2. d5 e5 3. e4 d6 4. Nc3 Be7 5. Nf3 a6 6. a4 Bg4 7. Be2 Bxf3 8. Bxf3 Bg5 9. O-O Bxc1 10. Qxc1 Ne7 11. Qg5 O-O 12. g3 Nd7 13. h4 h6 14. Qe3 f5 15. exf5 Nxf5 16. Qe4 Nd4 17. Bg4 Nf6 18. Qg6 Nxg4 19. Qxg4 Nxc2 20. Rac1 Nd4 0-1


[Site "https://www.chess.com"]